 Dungeon Crawl Stone Soup version 0.29-a0-409-gd843f3a48c (webtiles) character file.

Game seed: 17762143142598628400

35 runemasterragnar the Shield-Bearer (level 3, 0/39 HPs)
             Began as an Octopode Fighter on May 14, 2022.
             Slain by a hobgoblin (6 damage)
             ... led by Robin
             ... on level 2 of the Dungeon.
             The game lasted 00:01:24 (920 turns).

runemasterragnar the Shield-Bearer (OpFi)            Turns: 920, Time: 00:01:25

Health: 0/39       AC:  1    Str: 15    XL:     3   Next: 33%
Magic:  3/3        EV: 13    Int: 12    God:
Gold:   26         SH:  4    Dex: 11    Spells: 2/2 levels left

rFire   . . .      SeeInvis .   a - +0 long sword
rCold   . . .      Faith    .   b - +0 buckler
rNeg    . . .      Spirit   .   (helmet restricted)
rPois   .          Reflect  .   (no amulet)
rElec   .          Harm     .   (no ring)
rCorr   .          Rampage  .   (no ring)
Will    .....                   (no ring)
Stlth   ..........              (no ring)
HPRegen 0.13/turn               (no ring)
MPRegen 0.08/turn               (no ring)
                                (no ring)
                                (no ring)

@: berserking, very quick
A: almost no armour, amphibious, 8 rings, camouflage 1, gelatinous body 1,
(nimble swimmer 1), tentacles
a: no special abilities


You were on level 2 of the Dungeon.
You visited 1 branch of the dungeon, and saw 2 of its levels.

You collected 26 gold pieces.

Inventory:

Hand Weapons
 a - a +0 long sword (weapon)
Armour
 b - a +0 buckler (worn)
Scrolls
 f - 3 scrolls of identify {unknown}
 h - a scroll of poison {unknown}
Potions
 c - a potion of might
 d - a potion of magic {unknown}
 e - a potion of lignification {unknown}
 g - a potion of attraction {unknown}
 j - a potion of curing {unknown}
 k - a potion of heal wounds {unknown}


   Skills:
 + Level 3.2 Fighting
 * Level 2.8 Long Blades
 + Level 3.1 Dodging
 + Level 1.0 Stealth
 + Level 3.2 Shields
 + Level 0.5 Unarmed Combat


You had 2 spell levels left.
You didn't know any spells.
Your spell library contained the following spells:

 Spells                   Type           Power      Damage    Failure   Level
 Portal Projectile        Hex/Tloc       0%         N/A       78%         3
 Blade Hands              Tmut           0%         N/A       100%        5
 Excruciating Wounds      Necr           0%         N/A       100%        5


Dungeon Overview and Level Annotations

Branches:
Dungeon (1/15)

Altars:

Annotations:
D:2 Robin


Innate Abilities, Weirdness & Mutations

You cannot wear most types of armour.
You are amphibious.
You can wear up to eight rings at the same time.
Your skin changes colour to match your surroundings (Stealth+).
Your rubbery body absorbs attacks. (AC +1, EV +1)
((You are camouflaged when in or above water. (Stealth+)))
You have tentacles for arms and can constrict up to eight enemies at once.


Message History

The goblin is severely wounded.
You constrict the goblin.
You kill the goblin!
A goblin comes into view. It is wielding a +0 club.
The hobgoblin closely misses you.
Your Stealth skill increases to level 1!
Unknown command.
The hobgoblin attacks as you move away! The hobgoblin misses you.
Robin throws the goblin at you!
You strike the helpless goblin from behind!
You hit the goblin. You grab the goblin.
The goblin is moderately wounded.
You constrict the goblin. The goblin hits you with a +0 club.
You block the hobgoblin's attack. x2; The goblin hits you with a +0 club.
You release your grip on the goblin.
The goblin barely misses you. The hobgoblin attacks as you move away!
The hobgoblin hits you. The goblin hits you with a +0 club.
Robin roars a battlecry!
The goblins go into a battle-frenzy!
The goblin attacks as you move away! The goblin hits you with a +0 club.
You are too injured to fight recklessly!
It was a potion of berserk rage.
A red film seems to cover your vision as you go berserk!
You feel yourself moving faster!
You feel mighty! The goblin hits you with a +0 club!
* * * LOW HITPOINT WARNING * * *
You closely miss the goblin. You grab the goblin.
The goblin is severely wounded.
You constrict the goblin.
You kill the goblin!
The hobgoblin closely misses you. The goblin hits you with a +0 dagger.
* * * LOW HITPOINT WARNING * * *
Things that are here:
a +0 club; a goblin corpse Unknown command.
You slash the goblin!
You kill the goblin!
A goblin comes into view. It is wielding a +0 dagger.
The hobgoblin hits you.
You die...

###.....# ..###.### #
#.# #)#
#.#.####.###.######
#g......##.......#
#.)......####.# #
.##.##g##.#####.###....
#........g.g#........#
..##.##.##..#@##.###.#
## ......g..ggg##.# #.#
######.......# #
##.###### #.# ... #...
#... #..


You could see Robin, a hobgoblin (strong) and 2 goblins.

Vanquished Creatures
  2 dart slugs (D:1)
  4 bats (D:1)
  An endoplasm (D:1)
  2 giant cockroaches (D:1)
  9 goblins
  3 hobgoblins (D:1)
  A kobold (D:1)
  A quokka (D:1)
  2 ball pythons (D:1)
  2 frilled lizards (D:1)
27 creatures vanquished.

Notes
Turn   | Place    | Note
-------+----------+-------------------------------------------
     0 | D:1      | runemasterragnar the Octopode Fighter began the quest for
                  | the Orb.
     0 | D:1      | Reached XP level 1. HP: 16/16 MP: 1/1
   108 | D:1      | Reached XP level 2. HP: 21/21 MP: 2/2
   119 | D:1      | Found a faded altar of an unknown god.
   398 | D:1      | Reached XP level 3. HP: 24/26 MP: 3/3
   769 | D:1      | You fall into a shaft and drop 1 floor!
   906 | D:2      | Noticed Robin
   908 | D:2      | Reached skill level 1 in Stealth
   920 | D:2      | Slain by a hobgoblin

Illustrated notes

Levels and vault maps discovered:
D:1:      elethiomel_arrival_shortcut, layout_loops_ring,
          hellmonk_ecumenical_altar_leap_of_faith
D:2:      layout_loops_cross, minmay_crystal_room, minmay_misc_feat_plants,
          kennysheep_generic_room_15, uniq_robin, uniq_sigmund

Skill      XL: |  1  2  3 |
---------------+----------+-----
Stealth        | 1 |  1.0
Fighting       | |  3.2
Long Blades    | |  2.8
Dodging        | |  3.1
Shields        | |  3.2
Unarmed Combat | |  0.5

Action                   || total
-------------------------++-------
Melee: Long sword        ||    44
       Constrict         ||    13
       Tentacles         ||     7
  Use: Potion            ||     1
 Stab: Sleeping          ||     5
       Distracted        ||     1
Armor: Skin              ||     7
Dodge: Dodged            ||    27
Block: Buckler           ||    10

Table legend: (Time is in decaauts)
 A = Elapsed time spent in this place.
 B = Non-inter-level travel time spent in this place.
 C = Inter-level travel time spent in this place.
 D = Time resting spent in this place.
 E = Time spent auto-exploring this place.
 F = Levels seen in this place.
 G = Mean time per level.
                   A        B        C        D        E       F      G
               +--------+--------+--------+--------+--------+-----+--------+
         Total |    932 |    932 |      0 |      0 |    777 |   2 |  466.0 |
       Dungeon |    932 |    932 |      0 |      0 |    777 |   2 |  466.0 |
               +--------+--------+--------+--------+--------+-----+--------+

Top non-repeatable levels by time:
     D:1: 780 daAuts
     D:2: 152 daAuts
